 Dungeon Crawl Stone Soup version 0.29-a0-330-g52719c12eb (webtiles) character file.

Game seed: 10014383571886929732

77 kae the Firebug (level 3, -3/26 HPs)
             Began as a Demigod Fire Elementalist on Apr 30, 2022.
             Slain by an orc
             ... wielding a +0 trident of protection
              (5 damage)
             ... on level 3 of the Dungeon.
             The game lasted 00:01:02 (3193 turns).

kae the Firebug (Demigod Fire Elementalist)         Turns: 3193, Time: 00:01:02

Health: -3/26      AC:  2    Str:  9    XL:     3   Next: 92%
Magic:  1/9        EV: 12    Int: 21    God:
Gold:   181        SH:  0    Dex: 14    Spells: 1/7 levels left

rFire   . . .      SeeInvis .   m - +0 falchion (elec)
rCold   . . .      Faith    .   (no shield)
rNeg    . . .      Spirit   .   a - +0 robe
rPois   .          Reflect  .   (no helmet)
rElec   .          Harm     .   (no cloak)
rCorr   .          Rampage  .   (no gloves)
Will    .....                   (no boots)
Stlth   ++........              (no amulet)
HPRegen 0.08/turn               (no ring)
MPRegen 0.11/turn               (no ring)

@: very slightly contaminated
A: high MP 1, forlorn, divine attributes
a: no special abilities


You were on level 3 of the Dungeon.
You visited 1 branch of the dungeon, and saw 3 of its levels.

You collected 181 gold pieces.

Inventory:

Hand Weapons
 m - a +0 falchion of electrocution (weapon)
Armour
 a - a +0 robe (worn)
Jewellery
 j - an amulet of regeneration
Wands
 h - a wand of digging (3)
Scrolls
 e - a scroll of identify
 i - a scroll of immolation {unknown}
 l - a scroll of silence {unknown}
 p - a scroll of vulnerability {unknown}
Potions
 b - 2 potions of magic
 c - a potion of curing
 d - a potion of haste {unknown}
 f - a potion of lignification {unknown}
 g - a potion of degeneration {unknown}
 k - a potion of attraction {unknown}
 n - a potion of heal wounds {unknown}
 o - 2 potions of brilliance {unknown}


   Skills:
 - Level 1.7 Dodging
 - Level 1.7 Stealth
 + Level 2.5 Spellcasting
 + Level 2.1 Conjurations
 + Level 3.4 Fire Magic


You had one spell level left.
You knew the following spells:

 Your Spells              Type           Power      Damage    Failure   Level
a - Foxfire               Conj/Fire      56%        2x1d6     4%          1
b - Scorch                Fire           34%        2d7       5%          2
c - Conjure Flame         Conj/Fire      14%        6-21      13%         3

Your spell library contained the following spells:

 Spells                   Type           Power      Damage    Failure   Level
 Inner Flame              Hex/Fire       9%         N/A       21%         3
 Gell's Gravitas          Tloc           2%         N/A       38%         3
 Lesser Beckoning         Tloc           2%         N/A       38%         3
 Teleport Other           Tloc           2%         N/A       38%         3
 Flame Wave               Conj/Fire      14%        2d6       41%         4


Dungeon Overview and Level Annotations

Branches:
Dungeon (3/15)


Innate Abilities, Weirdness & Mutations

You have an increased reservoir of magic. (+10% MP)
You shall have no god before yourself.
Your divine heritage dramatically boosts your attributes as you level up.


Message History

You kill the rat!
The orc barely misses you.
Casting: Foxfire (safe; 4% risk of failure)
Confirm with . or Enter, or press ? or * to list all spells.
You conjure some foxfire!
The orc hits you with a +0 mace. The orc closely misses you.
The foxfire hits the orc.
The orc is lightly wounded.
The foxfire hits the orc.
You kill the orc!
The orc hits you from afar with a +0 trident of protection.
Casting: Foxfire (safe; 4% risk of failure)
Confirm with . or Enter, or press ? or * to list all spells.
You conjure some foxfire!
The orc barely misses you.
The foxfire hits the orc.
The orc is moderately wounded.
The foxfire hits the orc.
The orc is heavily wounded.
The orc closely misses you.
Casting: Foxfire (safe; 4% risk of failure)
Confirm with . or Enter, or press ? or * to list all spells.
You miscast Foxfire.
You are very lightly contaminated with residual magic.
Nothing appears to happen.
The orc hits you from afar with a +0 trident of protection!
* * * LOW HITPOINT WARNING * * *
Casting: Foxfire (safe; 4% risk of failure)
Confirm with . or Enter, or press ? or * to list all spells.
You conjure some foxfire!
The orc hits you but does no damage.
The foxfire hits the orc but does no damage.
The orc is heavily wounded.
The foxfire hits the orc but does no damage.
The orc is heavily wounded.
The orc barely misses you.
Unknown command.
Casting: Foxfire (safe; 4% risk of failure)
Confirm with . or Enter, or press ? or * to list all spells.
You conjure some foxfire!
The orc hits you from afar with a +0 trident of protection.
You die...

.. ####..)#.#.#
..........#..........#
.......#.#.#..#.#.####
......+..............
.....#.#.#....#.....
....#.#.#..........
o†.#........#.....
#v####.#.##.#.....
#@§.......).......
#v###..#..#.#..... #.#
#..#..#...§... #.#
#..####....... #.#
#............. #.#
#.#####....... #.# #.#
#.....#+## ###'###.#
#.#.#..... #####
#.......# #.#+#....)


You could see an orc (ally target).

Vanquished Creatures
  2 adders
  3 dart slugs (D:1)
  8 orcs (D:3)
  4 endoplasms
  A giant cockroach (D:3)
  4 goblins
  6 hobgoblins
  2 jackals (D:1)
  3 quokkas (D:1)
  A ball python (D:1)
  A frilled lizard (D:1)
  2 kobolds (D:1)
  5 rats
42 creatures vanquished.

Vanquished Creatures (others)
  147 foxfires
147 creatures vanquished.

Grand Total: 189 creatures vanquished

Notes
Turn   | Place    | Note
-------+----------+-------------------------------------------
     0 | D:1      | kae the Demigod Fire Elementalist began the quest for the
                  | Orb.
     0 | D:1      | Reached XP level 1. HP: 14/14 MP: 5/5
    50 | D:1      | Reached skill level 1 in Conjurations
   504 | D:1      | Reached XP level 2. HP: 8/20 MP: 4/7
   838 | D:1      | Reached skill level 3 in Fire Magic
  1614 | D:2      | Reached XP level 3. HP: 3/26 MP: 1/9
  1615 | D:2      | HP: 1/26 [poisoned by an adder]
  2267 | D:2      | Learned a level 2 spell: Scorch
  2271 | D:2      | Learned a level 3 spell: Conjure Flame
  3193 | D:3      | Slain by an orc

Illustrated notes

Levels and vault maps discovered:
D:1:      evilmike_arrival_crescent, layout_basic, basic_ecumenical_altar,
          st_stairs_13, chequers_serial_rivers_marsh, skrybe_limestone_x,
          minmay_surrounded
D:2:      layout_basic
D:3:      layout_basic

Skill      XL: |  1  2  3 |
---------------+----------+-----
Conjurations   | 1 2 |  2.1
Spellcasting   | 2 |  2.5
Fire Magic     | 3 |  3.4
Dodging        | |  1.7
Stealth        | |  1.7

Action                   || total
-------------------------++-------
Melee: Unarmed           ||    22
       Falchion          ||     4
 Cast: Foxfire           ||    94
       Scorch            ||     2
  Use: Scroll            ||     2
Armor: Robe              ||     5
Dodge: Dodged            ||    47

Table legend: (Time is in decaauts)
 A = Elapsed time spent in this place.
 B = Non-inter-level travel time spent in this place.
 C = Inter-level travel time spent in this place.
 D = Time resting spent in this place.
 E = Time spent auto-exploring this place.
 F = Levels seen in this place.
 G = Mean time per level.
                   A        B        C        D        E       F      G
               +--------+--------+--------+--------+--------+-----+--------+
         Total |   3198 |   3174 |     24 |    248 |   2574 |   3 | 1066.0 |
       Dungeon |   3198 |   3174 |     24 |    248 |   2574 |   3 | 1066.0 |
               +--------+--------+--------+--------+--------+-----+--------+

Top non-repeatable levels by time:
     D:1: 1503 daAuts
     D:2: 988 daAuts
     D:3: 705 daAuts
